 Dungeon Crawl Stone Soup version 0.29-a0-100-g60f898f876 (webtiles) character file.

Game seed: 2434619416622446754

227 esteth the Magician (level 6, -1/40 HPs)
             Began as a Djinni Fire Elementalist on Feb 14, 2022.
             Slain by Grinder (9 damage)
             ... on level 3 of the Dungeon.
             The game lasted 00:04:24 (3504 turns).

esteth the Magician (Djinni Fire Elementalist)      Turns: 3504, Time: 00:04:24

Health: -1/40      AC:  2    Str:  7    XL:     6   Next: 22%
Gold:   165        EV: 12    Int: 18    God:
                   SH:  0    Dex: 14

rFire   + + .      SeeInvis .   n - +2 short sword (antimagic)
rCold   x . .      Faith    .   (no shield)
rNeg    . . .      Spirit   .   a - +0 robe rPois โˆž Reflect .
                                (no helmet)
rElec   .          Harm     .   (no cloak)
rCorr   .          Rampage  .   (no gloves)
Will    .....                   (boots unavailable)
Stlth   ++........              (no amulet)
HPRegen 0.13/turn               (no ring)
MPRegen 0.00/turn               (no ring)

@: flying, very slightly contaminated
A: sickness immunity, fire resistance 2, cold vulnerability 1, float, innate
caster, HP casting, extra vitality 1
a: no special abilities


You were on level 3 of the Dungeon.
You visited 1 branch of the dungeon, and saw 3 of its levels.

You collected 165 gold pieces.


Innate Abilities, Weirdness & Mutations

You are immune to sickness and miasma.
You are immune to poison.
Your flesh is very heat resistant. (rF++)
You are vulnerable to cold. (rC-)
You float through the air rather than walking.
You learn spells naturally, not from books.
Your magical power is your life essence.
You have superior vitality. (+4 MHP)


   Skills:
 - Level 2.1 Dodging
 - Level 1.5 Stealth
 + Level 5.0 Spellcasting


You couldn't memorise any spells.
You knew the following spells:

 Your Spells              Type           Power      Damage    Failure   Level
c - Conjure Flame         Conj/Fire      22%        6-21      4%          3
f - Foxfire               Conj/Fire      88%        2x1d8     1%          1
i - Inner Flame           Hex/Fire       22%        N/A       4%          3
r - Corpse Rot            Necr/Air       44%        N/A       2%          2
s - Sandblast             Erth           44%        2d11      1%          1
X - Scorch                Fire           44%        2d7       2%          2
Y - Flame Wave            Conj/Fire      22%        2d7       17%         4
Your spell library was empty.

Inventory:

Hand Weapons
 e - a +0 dagger
   (You took it off a goblin on level 1 of the Dungeon)
 n - a +2 antimagic short sword (weapon)
   (You took it off a kobold on level 2 of the Dungeon)
Missiles
 b - 87 stones
 h - 5 poisoned darts
 i - 21 sling bullets
 l - 4 boomerangs
Armour
 a - a +0 robe (worn)
 p - the +1 robe "Werelaiq" {rN++ Str-5 Int+2}
   (You found it on level 2 of the Dungeon)

   Str:       It affects your strength (-5).
   Int:       It affects your intelligence (+2).
   rN:        It greatly protects you from negative energy.
Magical Staves
 o - a staff of earth {!a}
   (You found it on level 2 of the Dungeon)
Jewellery
 S - a +6 ring of strength
   (You found it on level 1 of the Dungeon)
Scrolls
 c - 2 scrolls of fog {unknown}
 f - a scroll of vulnerability {unknown}
 g - 4 scrolls of identify {unknown}
 m - 2 scrolls of teleportation {unknown}
 q - a scroll of blinking {unknown}
 r - a scroll of magic mapping {unknown}
 s - a scroll of amnesia {unknown}
Potions
 d - a potion of haste {unknown}
 j - a potion of magic {unknown}

Dungeon Overview and Level Annotations

Branches:
Dungeon (3/15)

Altars:

Annotations:
D:3 Grinder

..................
...
...#.##......##. .
#####.#.#..........
#...............##.
#.##....##.).#...#.
#.............$..
#.#.#.###..#...#.
#...#.....5....#
#.######ยง@#......
#. #....โ€
ยง##..##. #
.....#.)......
....<....# ..$.
#####.#... ....
....... ...
##...... ........


You could see Grinder.


Message History

A kobold comes into view. It is wielding a +0 dagger. ๐Ÿ˜• HP[-1]
You take 1 damage, and now have 39/40 hp.
A jackal comes into view.
The foxfire hits the jackal.
You kill the jackal!
A jackal comes into view.
A kobold comes into view. It is wielding a +0 dagger.
Casting: Foxfire (safe; 1% risk of failure)
Confirm with . or Enter, or press ? or * to list all spells.
You conjure some foxfire!
The jackal barks!
The kobold shouts!
The foxfire hits the jackal.
You kill the jackal!
The kobold hits you with a +0 dagger. ๐Ÿ˜• HP[-5]
You take 5 damage, and now have 34/40 hp.
Casting: Foxfire (safe; 1% risk of failure)
Confirm with . or Enter, or press ? or * to list all spells.
You conjure some foxfire!
The jackal barely misses you. The kobold hits you but does no damage.
Casting: Foxfire (safe; 1% risk of failure)
Confirm with . or Enter, or press ? or * to list all spells.
You conjure some foxfire!
The foxfire hits the jackal.
You kill the jackal!
The foxfire hits the kobold. x2
You kill the kobold! ๐Ÿ˜• HP[-1]
You take 1 damage, and now have 33/40 hp.
Casting: Foxfire (safe; 1% risk of failure)
Confirm with . or Enter, or press ? or * to list all spells.
You conjure some foxfire!
The jackal barely misses you. x2 ๐Ÿ˜• HP[-1]
You take 1 damage, and now have 32/40 hp.
Casting: Foxfire (safe; 1% risk of failure)
Confirm with . or Enter, or press ? or * to list all spells.
You conjure some foxfire!
The foxfire hits the jackal. x3
You kill the jackal! ๐Ÿ˜• HP[-1]
You take 1 damage, and now have 31/40 hp.
Casting: Foxfire (safe; 1% risk of failure)
Confirm with . or Enter, or press ? or * to list all spells.
You conjure some foxfire!
The foxfire hits the kobold. x2
You kill the kobold! ๐Ÿ˜ฎ HP[-1]
You take 1 damage, and now have 30/40 hp.
Casting: Foxfire (safe; 1% risk of failure)
Confirm with . or Enter, or press ? or * to list all spells.
You conjure some foxfire! ๐Ÿ˜ฎ HP[-1]
You take 1 damage, and now have 29/40 hp.
Grinder comes into view.
The foxfire hits Grinder.
Grinder hits you!
You writhe in agony. ๐Ÿ˜ฎ HP[-8]
You take 8 damage, and now have 21/40 hp.
Casting: Foxfire (safe; 1% risk of failure)
Confirm with . or Enter, or press ? or * to list all spells.
You miscast Scorch.
You are very lightly contaminated with residual magic.
Nothing appears to happen.
* * * LOW HITPOINT WARNING * * *
Grinder closely misses you. ๐Ÿ˜จ HP[-1]
You take 1 damage, and now have 20/40 hp.
Casting: Scorch (safe; 2% risk of failure)
Confirm with . or Enter, or press ? or * to list all spells.
Flames lash Grinder.
Grinder's fire resistance burns away.
* * * LOW HITPOINT WARNING * * *
Grinder completely misses you. ๐Ÿ˜จ HP[-2]
You take 2 damage, and now have 18/40 hp.
Casting: Scorch (safe; 2% risk of failure)
Confirm with . or Enter, or press ? or * to list all spells.
You conjure some foxfire!
* * * LOW HITPOINT WARNING * * *
Grinder misses you. ๐Ÿ˜จ HP[-1]
You take 1 damage, and now have 17/40 hp.
Casting: Foxfire (safe; 1% risk of failure)
Confirm with . or Enter, or press ? or * to list all spells.
You conjure some foxfire!
* * * LOW HITPOINT WARNING * * *
The foxfire hits Grinder.
Grinder is burned terribly!
Grinder hits you!
* * * LOW HITPOINT WARNING * * *
You writhe in agony.
* * * LOW HITPOINT WARNING * * *
๐Ÿ˜ฑ HP[-16]
You take 16 damage, and now have 1/40 hp.
MASSIVE DAMAGE!! (PAUSE) It was a potion of curing.
You feel better.
The foxfire hits Grinder!
Grinder is burned terribly!
The foxfire hits Grinder.
Grinder is burned terribly!
The foxfire hits Grinder!
Grinder is burned terribly!
Grinder hits you.
* * * LOW HITPOINT WARNING * * *
You writhe in agony.
* * * LOW HITPOINT WARNING * * *
You feel better.
Grinder is no longer more vulnerable to fire.
Grinder hits you!
You die...

Skill      XL: |  1  2  3  4  5  6 |
---------------+-------------------+-----
Spellcasting   | 3 4 5 |  5.0
Dodging        | |  2.1
Stealth        | |  1.5

Action                   |  1- 3 |  4- 6 || total
-------------------------+-------+-------++-------
Melee: Dagger            |     5 |     2 ||     7
       Unarmed           |     1 |       ||     1
       Short sword       |       |     1 ||     1
 Cast: Foxfire           |    61 |    53 ||   114
       Scorch            |       |    11 ||    11
  Use: Potion            |       |     2 ||     2
 Stab: Sleeping          |       |     1 ||     1
Armor: Robe              |     1 |    12 ||    13
Dodge: Dodged            |    14 |    21 ||    35

Levels and vault maps discovered:
D:1:      elethiomel_arrival_infinity_welcomes_careful_drivers,
          layout_loops_ring, minivault_11, minivault_14, st_stairs_6,
          minmay_heptomino_l4
D:2:      layout_basic, hellmonk_ecumenical_altar_dog_temple
D:3:      layout_basic, uniq_grinder

Notes
Turn   | Place    | Note
-------+----------+-------------------------------------------
     0 | D:1      | esteth the Djinni Fire Elementalist began the quest for the
                  | Orb.
     0 | D:1      | Reached XP level 1. HP: 15/15 MP: 0/0
     0 | D:1      | magus.rc [v1.11.3]
   456 | D:1      | Reached XP level 2. HP: 19/21 MP: 0/0
   602 | D:1      | Reached skill level 3 in Spellcasting
   758 | D:1      | Reached XP level 3. HP: 10/25 MP: 0/0
   758 | D:1      | Learned a level 1 spell: Sandblast
  2048 | D:2      | Reached XP level 4. HP: 31/31 MP: 0/0
  2229 | D:2      | Found a faded altar of an unknown god.
  2807 | D:2      | Identified the +1 robe "Werelaiq" {rN++ Str-5 Int+2}
  2944 | D:3      | Reached skill level 4 in Spellcasting
  2944 | D:3      | Reached XP level 5. HP: 31/35 MP: 0/0
  2944 | D:3      | Learned a level 2 spell: Corpse Rot
  3201 | D:3      | Noticed a sky beast
  3210 | D:3      | Killed a sky beast
  3211 | D:3      | Reached XP level 6. HP: 14/40 MP: 0/0
  3459 | D:3      | Reached skill level 5 in Spellcasting
  3498 | D:3      | Noticed Grinder
  3502 | D:3      | HP: 7/40 [Grinder (9)]
  3502 | D:3      | HP: 1/40 [Grinder (6)]
  3504 | D:3      | Slain by Grinder

Vanquished Creatures
  A sky beast (D:3)
  A jelly (D:3)
  4 adders
  4 endoplasms
  3 giant cockroaches (D:2)
  5 goblins
  6 hobgoblins
  12 jackals
  11 kobolds
  A quokka (D:2)
  5 ball pythons
  10 bats
  2 frilled lizards
  4 rats
69 creatures vanquished.

Vanquished Creatures (others)
  172 foxfires
172 creatures vanquished.

Grand Total: 241 creatures vanquished

Table legend:
 A = Non-vault XP
 B = Vault XP
 C = Vault XP percentage of total XP
 D = Non-vault monster count
 E = Vault monster count
 F = Vault count percentage of total count
                 A         B        C        D         E       F
            +---------+---------+-------+---------+---------+-------
      Total |     311 |      14 |   4.3 |      61 |       8 |  11.6
            +---------+---------+-------+---------+---------+-------
        D:1 |      33 |       8 |  19.5 |      20 |       5 |  20.0
        D:2 |      61 |       6 |   9.0 |      26 |       3 |  10.3
        D:3 |     217 |       0 |   0.0 |      15 |       0 |   0.0
            +---------+---------+-------+---------+---------+-------

Illustrated notes

Table legend:
 A = Kills in this place as a percentage of kills in entire the game.
 B = Kills by you in this place as a percentage of kills by you in the entire game.
 C = Kills by friends in this place as a percentage of kills by friends in the entire game.
 D = Other kills in this place as a percentage of other kills in the entire game.
 E = Experience gained in this place as a percentage of experience gained in the entire game.
 F = Experience gained in this place divided by the number of levels of this place that you have seen.
                   A       B       C       D       E      F
               +-------+-------+-------+-------+-------+----------------------
         Total | 100.0 | 100.0 |   N/A |   N/A | 100.0 | 108.3
       Dungeon | 100.0 | 100.0 |   N/A |   N/A | 100.0 | 108.3
               +-------+-------+-------+-------+-------+----------------------

Table legend: (Time is in decaauts)
 A = Elapsed time spent in this place.
 B = Non-inter-level travel time spent in this place.
 C = Inter-level travel time spent in this place.
 D = Time resting spent in this place.
 E = Time spent auto-exploring this place.
 F = Levels seen in this place.
 G = Mean time per level.
                   A        B        C        D        E       F      G
               +--------+--------+--------+--------+--------+-----+--------+
         Total |   3502 |   3470 |     32 |      0 |   3113 |   3 | 1167.3 |
       Dungeon |   3502 |   3470 |     32 |      0 |   3113 |   3 | 1167.3 |
               +--------+--------+--------+--------+--------+-----+--------+

Top non-repeatable levels by time:
     D:1: 1719 daAuts
     D:2: 1219 daAuts
     D:3: 563 daAuts
